 Dungeon Crawl Stone Soup version 0.17-a0-649-g87edefa (console) character file.

373 partyhat the Poker (level 6, 0/34 HPs)
             Began as a Gargoyle Wanderer on Apr 17, 2015.
             Was a Believer of Makhleb.
             Killed by divine providence
             ... invoked by an orc priest
              (10 damage)
             ... on level 4 of the Dungeon.
             The game lasted 00:11:29 (4095 turns).

partyhat the Poker (Gargoyle Wanderer)              Turns: 4095, Time: 00:11:29

Health: 0/34       AC: 19    Str: 18    XL:     6   Next: 72%
Magic:  9/9        EV:  4    Int: 15    God:    Makhleb [**....]
Gold:   194        SH:  0    Dex:  6    Spells: 0 memorised, 9 levels left

rFire  . . .     SeeInvis +     a - +1 spear (pierce)
rCold  . . .     Clarity  .     e - +2 scale mail
rNeg   + + .     SustAb   .     (no shield)
rPois  ∞         Gourm    .     i - +2 helmet {SInv}
rElec  +         Spirit   .     (no cloak)
rCorr  .         Warding  .     (no gloves)
rMut   .         Stasis   .     z - +2 pair of boots
MR     .....                    (no amulet)
Stlth  ..........               (no ring)
                                n - ring of positive energy

@: not resistant to hostile enchantments, extremely unstealthy
A: negative energy resistance 1, electricity resistance, unbreathing,
petrification resistance, rot immunity, AC +4
a: Minor Destruction, Renounce Religion


You were on level 4 of the Dungeon.
You worshipped Makhleb.
Makhleb was pleased with you.
You were hungry.

You visited 1 branch of the dungeon, and saw 4 of its levels.

You collected 194 gold pieces.


Innate Abilities, Weirdness & Mutations

You are resistant to torment.
Your stone body is resilient (AC +4).
You are immune to poison.
You resist negative energy.
You are resistant to electric shocks.
You can survive without breathing.
You are immune to petrification.
You are immune to rotting.


   Skills:
 - Level 1.1 Fighting
 + Level 5.9 Polearms
 - Level 2.0 Throwing
 - Level 4.3 Armour
 - Level 2.0 Spellcasting
   Level 1.0 Ice Magic


You had 9 spell levels left.
You didn't know any spells.

Inventory:

Hand weapons
 a - a +1 spear of piercing (weapon)
 b - a +0 spear
Missiles
 q - 8 tomahawks (quivered)
 r - a throwing net
 t - 9 poisoned sling bullets
Armour
 e - a +2 scale mail (worn)
 i - a +2 helmet of see invisible (worn)
 z - a +2 pair of boots (worn)
 A - a +1 ring mail of poison resistance
Jewellery
 n - a ring of positive energy (left hand)
Magical devices
 f - a wand of polymorph (3)
 x - a wand of disintegration (14)
Scrolls
 c - a scroll of teleportation
 h - 4 scrolls of remove curse
 k - a scroll of immolation {unknown}
 o - a scroll of identify {unknown}
 p - a scroll of amnesia
 y - a scroll of blinking {unknown}
Potions
 g - a potion of agility
 m - a potion of beneficial mutation {unknown}
 s - a potion of might {unknown}
 u - a potion of mutation {unknown}
 w - a potion of curing {unknown}
Comestibles
 d - 4 bread rations
 j - 3 chunks of flesh
 l - a slice of pizza
 v - a meat ration


Message History

There is a stone staircase leading up here.
You see here 2 scrolls of random uselessness.
HP restored.
Found 7 needles of sleeping.
The orc shouts!
The orc is too close now for your liking.
An orc is nearby!
An orc comes into view. It is wielding a dagger.
The orc shouts!
A giant gecko comes into view.
You are feeling hungry.
The orc priest mumbles some strange prayers to Beogh against you.
Something smites you!
The orc priest mumbles some strange prayers to Beogh against you.
Something smites you!
There is a stone staircase leading up here.
You see here 2 scrolls of random uselessness.
The orc priest calls down the wrath of Beogh upon you.
Something smites you!
You die...

....... ......#
#### #.....#
##...##.....#
#...........#
#...........# . #
#...........+ ..#
#....##.....# .>.#
##...
#..@..##...##
######..o........#
#............#
#...l........#
##...o.##....#
##.....##....+
#............#
#............#
#...o..##...##


You could see an orc priest, 2 orcs and a giant gecko.

Vanquished Creatures
  An ice beast (D:3)
  A hound (D:4)
  Ijyb (D:3)
  Jessica (D:3)
  A worker ant (D:4)
  An orc wizard (D:2)
  3 adders (D:2)
  3 gnolls (D:2)
  An ooze (D:1)
  2 worms
  4 giant geckos
  7 orcs (D:3)
  2 ball pythons
  A bat skeleton (D:3)
  3 giant cockroaches
  6 goblins
  5 hobgoblins
  4 jackals
  8 kobolds
  7 bats
  4 giant newts
  16 rats
  A plant (D:4)
83 creatures vanquished.

Vanquished Creatures (others)
  A plant (D:4)
1 creature vanquished.

Grand Total: 84 creatures vanquished

Notes
Turn   | Place    | Note
--------------------------------------------------------------
     0 | D:1      | partyhat, the Gargoyle Wanderer, began the quest for the Orb.
     0 | D:1      | partyhat set off with: a +2 scale mail, a +0 spear, a scroll of teleportation, a bread ration
     0 | D:1      | Reached XP level 1. HP: 12/12 MP: 3/3
    14 | D:1      | Reached skill level 1 in Polearms
    32 | D:1      | well why not
    51 | D:1      | Reached XP level 2. HP: 14/16 MP: 5/5
    52 | D:1      | this entry vault is fucking terrible
   227 | D:1      | wow nice
   822 | D:1      | Reached XP level 3. HP: 20/20 MP: 6/6
   979 | D:2      | Found a burning altar of Makhleb.
   986 | D:2      | mmmmm
   986 | D:2      | Became a worshipper of Makhleb the Destroyer
   992 | D:2      | Found a shattered altar of Ashenzari.
   995 | D:2      | Found an ancient bone altar of Kikubaaqudgha.
   998 | D:2      | Found a blossoming altar of Fedhas.
  1442 | D:2      | Reached skill level 3 in Polearms
  1582 | D:2      | Reached XP level 4. HP: 22/25 MP: 7/7
  1833 | D:2      | Acquired Makhleb's first power
  2226 | D:3      | Noticed an ice beast
  2227 | D:3      | ew
  2241 | D:3      | Killed an ice beast
  2241 | D:3      | Reached XP level 5. HP: 29/29 MP: 8/8
  2297 | D:3      | Noticed Jessica
  2342 | D:3      | Killed Jessica
  2342 | D:3      | Reached skill level 5 in Polearms
  2342 | D:3      | Reached XP level 6. HP: 34/34 MP: 9/9
  2448 | D:3      | wow
  2726 | D:3      | Noticed Ijyb
  2756 | D:3      | Killed Ijyb
  2807 | D:3      | Acquired Makhleb's second power
  2952 | D:4      | Found a staircase to the Ecumenical Temple.
  3005 | D:4      | Found a snail-covered altar of Cheibriados.
  3438 | D:4      | stupid dpeg
  3446 | D:4      | Noticed frag's ghost (average HOFi)
  4095 | D:4      | Killed from afar by an orc priest

Vault maps used:
D:1:      dpeg_arrival_stonehenge_8_columns
D:2:      wad_crossroads, grunt_temple_overflow_cloverleaf, first_bread
D:3:      uniq_iyjb, uniq_jessica
D:4:      minmay_temple_entry_oklob, cheibriados_altar_1

Action                   |  1- 3 |  4- 6 || total
-------------------------+-------+-------++-------
Melee: Spear             |   120 |   311 ||   431
Throw: Stone             |     6 |       ||     6
       Tomahawk          |       |     5 ||     5
  Use: Scroll            |       |     3 ||     3
  Eat: Chunk             |     2 |     8 ||    10
